 Dungeon Crawl Stone Soup version 0.29-a0-284-gf9362112df (webtiles) character file.

Game seed: 3601243074491687851

2419 timneilson the Shield-Bearer (level 9, -3/103 HPs)
             Began as a Formicid Fighter on Mar 27, 2022.
             Slain by an orc warrior
             ... wielding a +0 hand axe
              (11 damage)
             ... in a bailey.
             The game lasted 00:16:54 (8915 turns).

timneilson the Shield-Bearer (Formicid Fighter)     Turns: 8915, Time: 00:16:55

Health: -3/103     AC: 31    Str: 25    XL:     9   Next: 76%
Magic:  9/9        EV:  2    Int:  8    God:
Gold:   506        SH:  5    Dex: 10    Spells: 8/8 levels left

rFire   . . .      SeeInvis .   t - +1 scimitar (protect)
rCold   . . .      Faith    .   c - +0 buckler
rNeg    . . .      Spirit   .   (body armour currently unavailable)
rPois   +          Reflect  .   (helmet unavailable)
rElec   .          Harm     .   (cloak currently unavailable)
rCorr   .          Rampage  .   (gloves currently unavailable)
Will    +....                   (boots currently unavailable)
Stlth   +.........              (no amulet)
HPRegen 0.27/turn               g - ring of willpower
MPRegen 0.11/turn               (no ring)

@: tree-form, under a protective aura
A: stationary, stasis, torment immunity, boosted hp, permanent stasis, dig
shafts and tunnels, (antennae 3), four strong arms
a: no special abilities


You were in a bailey.
You were a tree.
You visited 2 branches of the dungeon, and saw 8 of its levels.
You also visited: Bailey.

You collected 506 gold pieces.

Inventory:

Hand Weapons
 a - a +1 long sword
 t - a +1 scimitar of protection (weapon)
Missiles
 b - 2 silver javelins
Armour
 c - a +0 buckler (worn)
 h - a +0 plate armour (melded)
 j - a +1 cloak (melded)
 l - a +2 pair of gloves (melded)
 o - a +0 chain mail
Jewellery
 g - a ring of willpower (left branch)
Wands
 n - a wand of charming (6)
Scrolls
 f - 2 scrolls of enchant weapon
 i - a scroll of amnesia
 k - 4 scrolls of identify
 m - a scroll of acquirement {unknown}
 u - a scroll of summoning
Potions
 d - 2 potions of might
 e - 3 potions of curing
 p - 2 potions of lignification
 q - a potion of invisibility {unknown}
 r - a potion of degeneration {unknown}


   Skills:
 + Level 5.7 Fighting
 * Level 5.9 Long Blades
 + Level 2.7 Throwing
 * Level 7.1 Armour
 + Level 3.2 Dodging
 * Level 7.8 Shields
 + Level 3.7 Evocations


You had 8 spell levels left.
You didn't know any spells.
Your spell library contained the following spells:

 Spells                   Type           Power      Damage    Failure   Level
 Gell's Gravitas          Tloc           0%         N/A       83%         3
 Teleport Other           Tloc           0%         N/A       83%         3
 Dispersal                Tloc           0%         N/A       100%        6


Dungeon Overview and Level Annotations

Branches:
Dungeon (7/15)             Temple (1/1) D:4          Bailey (1/1)

Altars:
Ashenzari
Cheibriados
Fedhas
Gozag
Hepliaklqana
Kikubaaqudgha
Makhleb
Nemelex Xobeh
Qazlal
Ru
Uskayaw
Vehumet
Xom
Yredelemnul
Zin
The Shining One

Shops:
D:4 !   D:5 ?   D:7 *


Innate Abilities, Weirdness & Mutations

You are a tree.
Your roots penetrate the ground, keeping you stationary.
You cannot be teleported.
You are immune to unholy pain and torment.
Your maximum health is greatly increased.
Your equipment is partially melded.
You cannot be hasted, slowed, berserked, paralysed or teleported.
You can dig through walls and to a lower floor.
((You have a pair of large antennae on your head. (SInv)))
Your four strong arms can wield two-handed weapons with a shield.


Message History

The orc warrior is almost dead.
The orc warrior hits you with a +0 war axe!
* * * LOW HITPOINT WARNING * * *
The orc warrior hits you but does no damage. x3
You hit the orc warrior but do no damage.
The orc warrior is almost dead.
The orc warrior hits you with a +0 war axe.
* * * LOW HITPOINT WARNING * * *
You block the orc warrior's attack.
You closely miss the orc warrior.
The orc warrior is almost dead.
You block the orc warrior's attack. x2
Unknown command.
You closely miss the orc warrior.
The orc warrior is almost dead.
The orc warrior hits you but does no damage. x2
You hit the orc warrior.
You kill the orc warrior!
The orc warrior hits you but does no damage.
You closely miss the orc warrior. You block the orc warrior's attack.
You hit the orc warrior.
The orc warrior is lightly wounded.
The orc warrior hits you but does no damage.
Unknown command.
You hit the orc warrior.
The orc warrior is moderately wounded.
The orc warrior hits you but does no damage.
You closely miss the orc warrior.
The orc warrior is moderately wounded.
The orc warrior hits you but does no damage.
You hit the orc warrior.
The orc warrior is heavily wounded.
The orc warrior hits you but does no damage. x2
You barely miss the orc warrior.
The orc warrior is heavily wounded.
You block the orc warrior's attack.
You barely miss the orc warrior.
The orc warrior is heavily wounded.
The orc warrior hits you with a +0 hand axe!
You die...

{ #.....'...... {
#..⌠.)'...... {
#.....'......
#.....#.≈≈≈≈≈
#####''#.≈≈≈≈≈
#......#.≈≈≈≈≈
#..))..#.≈≈≈≈≈
###########...######≈≈≈≈
#.....o♣8.8.8.# #≈≈≈≈
+.....#)......# { #####
######### {


You could see an orc warrior.

Vanquished Creatures
  A hornet (D:7)
  3 orc warriors
  2 ice beasts (D:6)
  A sky beast (D:5)
  A black bear (D:5)
  A centaur (D:5)
  Blork the orc (D:6)
  A gnoll sergeant (D:6)
  2 necrophages
  3 scorpions
  A wight (D:5)
  Dowan (D:6)
  A howler monkey (D:5)
  5 hounds
  3 orc priests
  A gnoll shaman (D:5)
  Jessica (D:2)
  3 iguanas
  6 orc wizards
  9 gnolls
  8 adders
  3 white imps
  2 ufetubi
  6 dart slugs
  18 orcs
  5 ball pythons
  12 bats
  9 endoplasms
  3 giant cockroaches
  9 goblins
  10 hobgoblins
  17 jackals
  5 quokkas
  4 frilled lizards
  7 kobolds
  3 rats
168 creatures vanquished.

Vanquished Creatures (others)
  Duvessa (D:6)
1 creature vanquished.

Grand Total: 169 creatures vanquished

Notes
Turn   | Place    | Note
-------+----------+-------------------------------------------
     0 | D:1      | timneilson the Formicid Fighter began the quest for the
                  | Orb.
     0 | D:1      | Reached XP level 1. HP: 18/18 MP: 1/1
   104 | D:1      | Reached XP level 2. HP: 20/24 MP: 2/2
   323 | D:1      | Reached XP level 3. HP: 18/29 MP: 3/3
  1281 | D:2      | Reached XP level 4. HP: 37/37 MP: 4/4
  1994 | D:2      | Noticed Jessica
  1999 | D:2      | Killed Jessica
  2417 | D:3      | Found a blossoming altar of Fedhas.
  2430 | D:3      | Reached XP level 5. HP: 41/42 MP: 5/5
  2799 | D:3      | Found a faded altar of an unknown god.
  3384 | D:3      | Found a sparkling altar of Nemelex Xobeh.
  3792 | D:4      | Found a staircase to the Ecumenical Temple.
  3812 | Temple   | Entered the Ecumenical Temple
  3962 | D:4      | Reached XP level 6. HP: 48/48 MP: 6/6
  4148 | D:4      | Found Itots's Distillery.
  4178 | D:4      | Reached skill level 5 in Shields
  4321 | D:4      | Reached skill level 1 in Evocations
  4373 | D:4      | Reached skill level 1 in Dodging
  4730 | D:5      | Entered Level 5 of the Dungeon
  5085 | D:4      | Reached XP level 7. HP: 55/55 MP: 7/7
  5180 | D:5      | Reached skill level 5 in Armour
  5941 | D:5      | Found Seiru's Magic Scroll Shop.
  6050 | D:5      | Reached XP level 8. HP: 41/61 MP: 8/8
  6608 | D:5      | Reached skill level 1 in Throwing
  6704 | D:5      | Reached skill level 5 in Fighting
  7179 | D:6      | Reached skill level 5 in Long Blades
  7203 | D:5      | Reached XP level 9. HP: 19/68 MP: 9/9
  7511 | D:6      | Noticed Blork the orc
  7526 | D:6      | Killed Blork the orc
  7894 | D:6      | Noticed Dowan
  7896 | D:6      | Noticed Duvessa
  7934 | D:6      | Killed Duvessa
  7952 | D:6      | Killed Dowan
  8334 | D:7      | Noticed a hornet
  8354 | D:7      | Killed a hornet
  8640 | D:7      | Found an opulent altar of Gozag.
  8757 | D:7      | Found Niem's General Store.
  8804 | D:7      | Found a flagged portal.
  8811 | Bailey   | Entered a bailey
  8905 | Bailey   | HP: 5/103 [orc warrior/+0 war axe (3)]
  8915 | Bailey   | Slain by an orc warrior

Illustrated notes

Levels and vault maps discovered:
D:1:      denvon_arrival_waterhouse, layout_basic,
          hangedman_decor_clover_reticule
D:2:      layout_basic, minmay_misc_feat_more_columns, uniq_jessica
D:3:      layout_basic, fedhas_altar_2, mainiacjoe_overflow_alcove_4,
          ebering_ecumenical_altar_webs, amcnicky_mini_corridor_feature
D:4:      layout_loops_ring, minmay_temple_entry_statues, serial_shops,
          nicolae_shop_statue_plus
D:5:      cheibrodos_barr_body, layout_loops_ring, serial_shops, shop
D:6:      layout_cave_pools, uniq_duvessa, uniq_blork_the_orc
D:7:      layout_gridville, nicolae_gozag_cash_rules_everything_around_me,
          enter_bailey_2, serial_shops, nicolae_diamond_shop
Temple:   nicolae_temple_god_jail
Bailey:   bailey_axe_of_yendor_kennysheep, bailey

Skill      XL: |  1  2  3  4  5  6  7  8  9 |
---------------+----------------------------+-----
Shields        | 4 5 6 7 |  7.8
Armour         | 4 5 6 7 |  7.1
Fighting       | 4 5 |  5.7
Long Blades    | 3 4 5 |  5.9
Evocations     | 1 2 3 |  3.7
Dodging        | 1 2 3 |  3.2
Throwing       | 1 2 |  2.7

Action                   |  1- 3 |  4- 6 |  7- 9 || total
-------------------------+-------+-------+-------++-------
Melee: Long sword        |   120 |   240 |   301 ||   661
       Scimitar          |       |       |   225 ||   225
  Use: Scroll            |     3 |     8 |     6 ||    17
       Potion            |       |       |     6 ||     6
Armor: Scale mail        |    73 |   150 |    50 ||   273
       Chain mail        |       |       |   253 ||   253
       Skin              |       |       |    18 ||    18
       Plate armour      |       |       |    17 ||    17
Dodge: Dodged            |    80 |   149 |   256 ||   485
Block: Buckler           |    25 |    77 |   161 ||   263

Table legend: (Time is in decaauts)
 A = Elapsed time spent in this place.
 B = Non-inter-level travel time spent in this place.
 C = Inter-level travel time spent in this place.
 D = Time resting spent in this place.
 E = Time spent auto-exploring this place.
 F = Levels seen in this place.
 G = Mean time per level.
                   A        B        C        D        E       F      G
               +--------+--------+--------+--------+--------+-----+--------+
         Total |   9130 |   8826 |    304 |   1256 |   5366 |   9 | 1014.4 |
       Dungeon |   8946 |   8655 |    291 |   1256 |   5317 |   7 | 1278.0 |
        Temple |     71 |     58 |     13 |      0 |     49 |   1 |   71.0 |
        Bailey |    111 |    111 |      0 |      0 |      0 |   1 |  111.0 |
               +--------+--------+--------+--------+--------+-----+--------+

Top non-repeatable levels by time:
     D:5: 1996 daAuts
     D:4: 1447 daAuts
     D:6: 1407 daAuts
     D:3: 1371 daAuts
     D:2: 1310 daAuts
     D:1: 1181 daAuts
     D:7: 230 daAuts
  Bailey: 111 daAuts
  Temple: 71 daAuts
